 Dungeon Crawl Stone Soup version 0.28-a0-512-g960c72b710 (webtiles) character file.

Game seed: 15416099325914438583

55349 Lekart the Thaumaturge (level 14, -1/115 HPs)
             Began as a Black Draconian Fighter on Sept 22, 2021.
             Was a High Priest of Kikubaaqudgha.
             Slain by a troll (7 damage)
             ... on level 1 of the Orcish Mines.
             The game lasted 01:11:25 (20913 turns).

Lekart the Thaumaturge (Black Draconian Fighter)   Turns: 20913, Time: 01:11:25

Health: -1/115     AC: 12    Str: 16 (20) XL:     14   Next: 38%
Magic:  37/37      EV: 16    Int: -1 (9)  God:    Kikubaaqudgha [*****.]
Gold:   1172       SH:  8    Dex: 14 (19) Spells: 15/34 levels left

rFire   . . .      SeeInvis .   q - +4 falchion (elec)
rCold   . . .      Faith    .   b - +2 buckler
rNeg    . . .      Spirit   .   (armour unavailable)
rPois   +          Reflect  .   (helmet restricted)
rElec   +          Harm     .   f - +0 cloak
rCorr   .          Rampage  .   k - +2 pair of gloves {Dex+3}
Will    +....                   (no boots)
Stlth   +.........              i - amulet of regeneration
HPRegen 1.29/turn               g - ring of wizardry
MPRegen 0.25/turn               h - ring of magical power

@: flying, slowed, lost intelligence, unable to read, very slow
A: breathe lightning, AC +8, unfitting armour, big wings, electricity
resistance, cold-blooded, talons 1, deterioration 1, poison resistance, strong 1
a: Breathe Lightning, Renounce Religion, Receive Corpses, Torment


You were on level 1 of the Orcish Mines.
You worshipped Kikubaaqudgha.
Kikubaaqudgha was extremely pleased with you.
You visited 4 branches of the dungeon, and saw 18 of its levels.
You also visited: Gauntlet.

You collected 1472 gold pieces.
You spent 300 gold pieces at shops.

Inventory:

Hand Weapons
 a - a +0 spectral long sword
 c - the +5 shortbow of Weotsa {vorpal, rN++ Str+6 Int-2}
   (You found it in a Gauntlet)

   Any ammunition fired from it inflicts extra damage upon your enemies.
   Str:       It affects your strength (+6).
   Int:       It affects your intelligence (-2).
   rN:        It greatly protects you from negative energy.
 p - a +1 long sword of flaming
 q - a +4 falchion of electrocution (weapon)
Missiles
 J - 6 javelins (quivered)
 P - 8 atropa-tipped darts
Armour
 b - a +2 buckler (worn)
 f - a +0 cloak (worn)
 k - a +2 pair of gloves of dexterity (worn)
Jewellery
 g - a ring of wizardry (left hand)
 h - a ring of magical power (right hand)
 i - an amulet of regeneration (around neck)
 l - an amulet of guardian spirit
 t - an amulet of the acrobat
 y - a ring of protection from cold
 z - a ring of wizardry
 A - a +4 ring of protection
 F - a +4 ring of slaying
 G - a ring of fire
 H - the amulet "Niurgh" {Acrobat rF+ rN+ Int+2}
   (You took it off a minotaur in a Gauntlet)

   [amulet of the acrobat]

   It increases your evasion while moving and waiting.
   Int:       It affects your intelligence (+2).
   rF:        It protects you from fire.
   rN:        It protects you from negative energy.
 L - the ring "Ympirph" {AC+4 Str+4}
   (You found it in a Gauntlet)

   [ring of protection]

   AC:        It affects your AC (+4).
   Str:       It affects your strength (+4).
 N - a ring of see invisible
Wands
 e - a wand of iceblast (3)
 j - a wand of polymorph (30)
 m - a wand of flame (50)
 r - a wand of paralysis (6)
 w - a wand of digging (5)
 I - a wand of mindburst (6)
 O - a wand of charming (5)
Scrolls
 d - 3 scrolls of teleportation
 v - a scroll of fog
 x - a scroll of amnesia
 B - a scroll of brand weapon
 D - 5 scrolls of identify
 E - 5 scrolls of magic mapping
Potions
 n - a potion of haste
 o - 3 potions of brilliance
 s - 5 potions of curing
 u - a potion of cancellation
 C - a potion of resistance
Miscellaneous
 K - a phial of floods
 M - a box of beasts
 Q - a box of beasts
 R - a box of beasts


   Skills:
 + Level 8.2 Fighting
 + Level 10.1 Long Blades
 + Level 5.4 Staves
 + Level 8.3 Dodging
 + Level 8.9 Shields
 * Level 10.7 Spellcasting
 * Level 10.5 Necromancy
 * Level 7.3 Transmutations
 * Level 2.9 Ice Magic
 * Level 5.6 Earth Magic
 + Level 1.0 Evocations


You had 15 spell levels left.
You knew the following spells:

 Your Spells              Type           Power      Damage    Failure   Level
a - Vampiric Draining     Necr           0%         2d6       1%          3
b - Statue Form           Tmut/Erth      0%         N/A       69%         6
c - Simulacrum            Ice/Necr       0%         N/A       65%         6
d - Animate Dead          Necr           0%         N/A       1%          4

Your spell library contained the following spells:

 Spells                   Type           Power      Damage    Failure   Level
 Pain                     Necr           0%         1d4       1%          1
 Corpse Rot               Necr/Air       N/A        N/A       1%          2
 Sublimation of Blood     Necr           0%         N/A       1%          2
 Dispel Undead            Necr           0%         3d6       1%          4
 Agony                    Necr           0%         N/A       3%          5
 Excruciating Wounds      Necr           0%         N/A       3%          5
 Petrify                  Tmut/Erth      0%         N/A       7%          4
 Ensorcelled Hibernation  Hex/Ice        0%         N/A       9%          2
 Apportation              Tloc           0%         N/A       11%         1
 Foxfire                  Conj/Fire      0%         2x1d4     11%         1
 Slow                     Hex            0%         N/A       16%         2
 Confusing Touch          Hex            0%         N/A       28%         3
 Conjure Flame            Conj/Fire      0%         6-21      28%         3
 Inner Flame              Hex/Fire       0%         N/A       28%         3
 Tukima's Dance           Hex            0%         N/A       28%         3
 Alistair's Intoxication  Tmut/Pois      0%         N/A       50%         5
 Flame Wave               Conj/Fire      0%         3d3       65%         4
 Metabolic Englaciation   Hex/Ice        0%         N/A       80%         5
 Invisibility             Hex            0%         N/A       100%        6


Dungeon Overview and Level Annotations

Branches:
Dungeon (9/15)             Temple (1/1) D:6            Lair (6/6) D:9
  Swamp (0/4) Lair:2        Snake (0/4) Lair:4        Slime (0/5) Lair:6
    Orc (2/2) D:9         Gauntlet (visited)
    Elf: Orc:2

Altars:
Ashenzari
Cheibriados
Elyvilon
Fedhas
Gozag
Hepliaklqana
Kikubaaqudgha
Makhleb
Nemelex Xobeh
Okawaru
Qazlal
Ru
Sif Muna
Trog
Uskayaw
Vehumet
Wu Jian
Xom
Yredelemnul
Zin
The Shining One
Jiyva

Shops:
D:7 *

Annotations:
D:4 exclusion: downstairs
D:8 Maurice
Lair:3 exclusion: oklob plant
Lair:6 1 runed translucent door


Innate Abilities, Weirdness & Mutations

You can breathe wild blasts of lightning.
Your glossy black scales are hard. (AC +8)
You cannot fit into any form of body armour.
Your large and strong wings let you fly.
You are resistant to electric shocks. (rElec)
You are cold-blooded and may be slowed by cold attacks.
You have sharp toenails.
Your body sometimes deteriorates upon taking damage.
Your system is resistant to poisons. (rPois)
Your muscles are strong. (Str +2)


Message History

* * * LOW HITPOINT WARNING * * *
Your body deteriorates!
You feel weakened. The troll barely misses you.
You block the troll's attack. x2
The orc warrior completely misses you.
The orc warrior hits you with a +0 flail.
* * * LOW HITPOINT WARNING * * *
You cannot read scrolls in your current state!
Okay, then.
You lack the mental capacity to cast spells.
You cannot read scrolls in your current state!
You hit the orc warrior.
Lightning courses through the orc warrior!
You claw the orc warrior.
The orc warrior is severely wounded.
You block the troll's attack. The troll completely misses you.
You block the troll's attack. The orc warrior barely misses you.
The orc warrior hits you but does no damage.
You barely miss the orc warrior.
Your tail-slap misses the orc warrior.
The orc warrior is severely wounded.
The troll bites you.
* * * LOW HITPOINT WARNING * * *
The troll barely misses you. The troll closely misses you.
The orc warrior misses you.
The orc warrior hits you with a +0 flail!
* * * LOW HITPOINT WARNING * * *
You hit the orc warrior.
Lightning courses through the orc warrior!
You kill the orc warrior!
Kikubaaqudgha accepts your kill. You block the troll's attack.
The troll claws you.
* * * LOW HITPOINT WARNING * * *
You block the troll's attack. You block the orc warrior's attack.
You slash the orc warrior! Your kick misses the orc warrior.
The orc warrior is heavily wounded.
The troll completely misses you. The troll claws you!
* * * LOW HITPOINT WARNING * * *
The troll barely misses you. The orc warrior barely misses you.
You block the troll's attack. x2; The troll claws you!
You die...
Kikubaaqudgha rasps: "You have failed me!
Welcome... death!"

###..###.. ###
##.##.....#
##.###...##....#
#....#..####..##
#.......#......#
####..#.).#)).#..#
##.#[.###..#.)##...
#To<[## ##....####.
##@#..###.....###..
###...#...##......
#.....###.#.....
####...####...##
#..## #...# ####
##.## ###


You could see a troll and an orc warrior.

Vanquished Creatures
  A dire elephant (Lair:4)
  4 hydras
  A catoblepas (Lair:5)
  A two-headed ogre (D:5)
  2 death yaks
  A thrashing horror (Gauntlet)
  Sonja (Lair:5)
  3 lindwurms (Lair:6)
  A manticore (Lair:6)
  A worldbinder (Gauntlet)
  22 elephants
  4 torpor snails
  3 black mambas
  An ice statue (Gauntlet)
  8 cane toads
  12 komodo dragons
  Maggie (D:6)
  4 rime drakes
  The ghost of BibaBloba the Chopper, an amateur OgBe of Trog (D:3)
  A yaktaur (shapeshifter) (Lair:3)
  5 polar bears
  2 trolls
  3 tyrant leeches
  7 hornets
  28 blink frogs
  A vampire (D:7)
  4 wyverns
  5 basilisks
  59 yaks
  3 small abominations (Gauntlet)
  15 water moccasins
  2 hell hounds (Lair:4)
  5 orc warriors
  A black bear (D:7)
  An ice beast (D:6)
  A sky beast (D:6)
  5 ogres
  A boggart (Gauntlet)
  2 necrophages
  27 wolves
  2 centaurs
  3 phantoms
  A kobold brigand (D:8)
  A wyvern zombie (D:5)
  11 bullfrogs
  3 gnoll sergeants
  2 scorpions (D:5)
  3 water moccasin skeletons
  5 wights
  3 howler monkeys
  5 centaur zombies
  5 jellies
  5 orc priests
  Crazy Yiuf (D:2)
  A gnoll shaman (D:8)
  Terence (D:3)
  5 iguanas
  8 orc wizards
  15 hell rats
  A wolf simulacrum (Lair:2)
  A hound skeleton (D:5)
  Robin (D:4)
  8 gnolls
  7 adders
  10 river rats
  A shadow imp (D:4)
  2 white imps
  An adder zombie (D:5)
  A worm (D:2)
  4 dart slugs
  26 orcs
  10 endoplasms
  4 giant cockroaches
  16 goblins
  7 hobgoblins
  2 jackals (D:1)
  4 quokkas
  4 ball pythons
  5 bats
  2 frilled lizards (D:1)
  11 kobolds
  14 rats
472 creatures vanquished.

Vanquished Creatures (collateral kills)
  A minotaur (Gauntlet)
  A black mamba (Lair:6)
  2 blink frogs (Lair:6)
  3 yaks
  A scorpion (D:5)
  A white imp (D:5)
  2 orcs (D:5)
11 creatures vanquished.

Vanquished Creatures (others)
  33 demonic plants (Gauntlet)
  73 fungi
  84 plants
190 creatures vanquished.

Grand Total: 673 creatures vanquished

Notes
Turn   | Place    | Note
-------+----------+-------------------------------------------
     0 | D:1      | Lekart the Draconian Fighter began the quest for the Orb.
     0 | D:1      | Reached XP level 1. HP: 19/19 MP: 1/1
    59 | D:1      | Found a faded altar of an unknown god.
   271 | D:1      | Reached XP level 2. HP: 25/26 MP: 2/2
   864 | D:2      | Found a runed translucent door.
   865 | D:2      | Noticed Crazy Yiuf
   887 | D:2      | Reached XP level 3. HP: 31/31 MP: 2/4
  1035 | D:2      | Reached skill level 1 in Spellcasting
  1295 | D:2      | Reached XP level 4. HP: 15/40 MP: 5/5
  1609 | D:2      | Killed Crazy Yiuf
  1933 | D:3      | Noticed Terence
  1945 | D:3      | Killed Terence
  2054 | D:3      | Reached XP level 5. HP: 46/46 MP: 7/7
  2262 | D:3      | Found a transporter.
  2262 | D:3      | Noticed BibaBloba's ghost (amateur OgBe)
  2263 | D:3      | Noticed an ogre
  2264 | D:3      | Noticed an ogre
  2266 | D:3      | Identified the +5 dire flail of Ojau {freeze, rPois Str+2}
  2266 | D:3      | Noticed an ogre
  2269 | D:3      | Found a transporter.
  2480 | D:3      | Gained mutation: You tend to lose your temper in combat.
                  | [potion of mutation]
  2480 | D:3      | Gained mutation: You are clumsy. (Dex -2) [potion of
                  | mutation]
  2480 | D:3      | Gained mutation: Your body sometimes deteriorates upon
                  | taking damage. [potion of mutation]
  2480 | D:3      | Gained mutation: You have hidden genetic potential. [potion
                  | of mutation]
  2768 | D:4      | Noticed a necrophage
  2773 | D:4      | Killed a necrophage
  2774 | D:4      | Reached skill level 1 in Staves
  2799 | D:4      | Reached XP level 6. HP: 35/52 MP: 7/9
  3047 | D:4      | Gained mutation: Your flesh is cold resistant. (rC+)
                  | [hidden potential]
  3200 | D:4      | Noticed Robin
  3219 | D:4      | Killed Robin
  3484 | D:5      | Entered Level 5 of the Dungeon
  3779 | D:5      | Your scales start taking on a glossy black colour.
  3779 | D:5      | Reached XP level 7. HP: 59/59 MP: 10/10
  3779 | D:5      | Gained mutation: You are resistant to electric shocks.
                  | (rElec) [Black Draconian growth]
  3939 | D:5      | Noticed a two-headed ogre
  4008 | D:5      | Reached XP level 8. HP: 57/67 MP: 12/12
  4117 | D:5      | Noticed a troll
  4145 | D:5      | Killed a two-headed ogre
  4146 | D:5      | Reached skill level 5 in Fighting
  4146 | D:5      | Reached skill level 5 in Staves
  4146 | D:5      | Reached skill level 5 in Shields
  4154 | D:5      | Killed a troll
  4155 | D:5      | Reached skill level 5 in Long Blades
  4155 | D:5      | Gained mutation: You have sharp toenails. [hidden
                  | potential]
  4155 | D:5      | Lost mutation: You have hidden genetic potential. [hidden
                  | potential expressed]
  4510 | D:5      | Reached XP level 9. HP: 74/74 MP: 15/15
  4515 | D:5      | Reached skill level 5 in Dodging
  4828 | D:5      | Lost mutation: You are clumsy. (Dex -2) [potion of
                  | mutation]
  4828 | D:5      | Lost mutation: You tend to lose your temper in combat.
                  | [potion of mutation]
  4828 | D:5      | Lost mutation: Your flesh is cold resistant. (rC+) [potion
                  | of mutation]
  4828 | D:5      | Gained mutation: Your system is resistant to poisons.
                  | (rPois) [potion of mutation]
  4828 | D:5      | Gained mutation: Your muscles are strong. (Str +2) [potion
                  | of mutation]
  4989 | D:6      | Found a staircase to the Ecumenical Temple.
  4998 | Temple   | Entered the Ecumenical Temple
  5313 | Temple   | Became a worshipper of Kikubaaqudgha
  5891 | D:6      | Reached skill level 1 in Necromancy
  6226 | D:6      | Noticed Maggie
  6237 | D:6      | Killed Maggie
  6536 | D:7      | Reached skill level 5 in Spellcasting
  6681 | D:7      | Reached * piety under Kikubaaqudgha
  6681 | D:7      | Received a gift from Kikubaaqudgha
  6682 | D:7      | Reached XP level 10. HP: 57/83 MP: 17/17
  7265 | D:7      | Learned a level 3 spell: Vampiric Draining
  7282 | D:7      | Found Pupsuymn's Neck Hole.
  7291 | D:7      | Bought an amulet of regeneration for 300 gold pieces
  8131 | D:8      | Noticed Maurice
  8132 | D:8      | Noticed a death knight
  8156 | D:8      | Noticed a skeletal warrior
  8438 | D:3      | Killed BibaBloba's ghost
  8821 | D:8      | Found a broken altar of Ashenzari.
  8821 | D:8      | Found a glowing silver altar of Zin.
  8822 | D:8      | Found an opulent altar of Gozag.
  8900 | D:9      | Found a staircase to the Lair.
  9196 | Lair:1   | Entered Level 1 of the Lair of Beasts
  9197 | Lair:1   | Noticed a cane toad
  9210 | Lair:1   | Killed a cane toad
  9553 | Lair:1   | Noticed a cane toad
  9561 | Lair:1   | Killed a cane toad
  9824 | Lair:1   | Noticed a black mamba
  9837 | Lair:1   | Killed a black mamba
  9842 | Lair:1   | Reached skill level 5 in Necromancy
  9936 | Lair:1   | Reached XP level 11. HP: 62/91 MP: 17/21
 10203 | Lair:1   | Learned a level 6 spell: Statue Form
 10271 | Lair:1   | HP: 3/91 [poisoned by a cane toad]
 10271 | Lair:1   | HP: 1/91 [komodo dragon (2)]
 10427 | Lair:1   | Reached ** piety under Kikubaaqudgha
 10428 | Lair:1   | Reached skill level 1 in Transmutations
 10873 | Lair:2   | Reached skill level 1 in Earth Magic
 10952 | Lair:2   | Noticed an eight-headed hydra
 10953 | Lair:2   | Identified the +3 hat of Intercession {Rampage Drain rElec
                  | rN+ Int-5}
 10980 | Lair:2   | Killed a three-headed hydra
 11109 | Lair:2   | Found a staircase to the Swamp.
 11834 | Lair:2   | Noticed a necromancer
 11989 | Lair:3   | Paralysed by a hornet for 1 turns
 12405 | Lair:3   | Found a blossoming altar of Fedhas.
 12417 | Lair:3   | Noticed an oklob plant
 12720 | Lair:3   | Reached *** piety under Kikubaaqudgha
 12720 | Lair:3   | Received a gift from Kikubaaqudgha
 12990 | Lair:4   | Reached XP level 12. HP: 94/97 MP: 24/24
 13017 | Lair:4   | Noticed a dire elephant
 13320 | Lair:4   | Learned a level 5 spell: Excruciating Wounds
 13451 | Lair:4   | Found a staircase to the Snake Pit.
 13550 | Lair:4   | Reached **** piety under Kikubaaqudgha
 14003 | Lair:5   | Learned a level 4 spell: Animate Dead
 14043 | Lair:5   | Reached skill level 5 in Transmutations
 14170 | Lair:5   | Reached XP level 13. HP: 96/105 MP: 26/26
 14351 | Lair:5   | Reached ***** piety under Kikubaaqudgha
 14460 | Lair:5   | Noticed Sonja
 14465 | Lair:5   | You fall into a shaft and drop 1 floor!
 14465 | Lair:6   | Entered Level 6 of the Lair of Beasts
 15103 | Lair:6   | Found a runed translucent door.
 15103 | Lair:6   | Found a viscous altar of Jiyva.
 15104 | Lair:6   | Found a staircase to the Slime Pits.
 15274 | Lair:6   | Found a runed translucent door.
 15809 | Lair:4   | Learned a level 6 spell: Simulacrum
 15912 | Lair:5   | Killed Sonja
 16399 | Lair:4   | Reached skill level 10 in Spellcasting
 16399 | Lair:4   | Reached skill level 10 in Necromancy
 16399 | Lair:4   | Reached skill level 1 in Ice Magic
 16664 | Lair:4   | Reached skill level 5 in Earth Magic
 16988 | Lair:4   | Reached skill level 1 in Evocations
 17690 | Lair:5   | Gained mutation: Your large and strong wings let you fly.
                  | [Black Draconian growth]
 17690 | Lair:5   | Reached XP level 14. HP: 21/115 MP: 21/28
 19161 | D:9      | Reached skill level 10 in Long Blades
 19201 | D:9      | Found a radiant altar of Vehumet.
 19297 | D:9      | Found a staircase to the Orcish Mines.
 19782 | Orc:1    | Entered Level 1 of the Orcish Mines
 19928 | Orc:2    | Entered Level 2 of the Orcish Mines
 19928 | Orc:2    | Found a gate leading to a gauntlet.
 19939 | Gauntlet | Entered a Gauntlet
 19939 | Gauntlet | Found a transporter.
 19939 | Gauntlet | Found a transporter.
 19943 | Gauntlet | Found a transporter.
 19943 | Gauntlet | Found a transporter.
 19947 | Gauntlet | Found a large runed translucent door.
 19948 | Gauntlet | Found a large runed translucent door.
 19949 | Gauntlet | Found a large runed translucent door.
 19949 | Gauntlet | Found a large runed translucent door.
 19949 | Gauntlet | Found a runed translucent door.
 19949 | Gauntlet | Found a runed translucent door.
 19950 | Gauntlet | Found a large runed translucent door.
 19951 | Gauntlet | Found a large runed translucent door.
 19951 | Gauntlet | Found a large runed translucent door.
 19951 | Gauntlet | Found a large runed translucent door.
 19952 | Gauntlet | Found a large runed translucent door.
 19953 | Gauntlet | Found a transporter.
 19953 | Gauntlet | Found a large runed translucent door.
 19960 | Gauntlet | Found a large runed translucent door.
 19960 | Gauntlet | Found a large runed translucent door.
 19961 | Gauntlet | Found a large runed translucent door.
 19961 | Gauntlet | Found a large runed translucent door.
 19961 | Gauntlet | Found a large runed translucent door.
 19961 | Gauntlet | Found a large runed translucent door.
 19964 | Gauntlet | Found a runed translucent gate.
 19964 | Gauntlet | Found a runed translucent gate.
 19964 | Gauntlet | Found a runed translucent gate.
 19966 | Gauntlet | Found a transporter.
 19974 | Gauntlet | Found a transporter.
 19976 | Gauntlet | Found a transporter.
 19976 | Gauntlet | Found a transporter.
 19980 | Gauntlet | Found a transporter.
 20014 | Gauntlet | Found a transporter.
 20034 | Gauntlet | Found a transporter.
 20080 | Gauntlet | Found a transporter.
 20098 | Gauntlet | Found a transporter.
 20286 | Gauntlet | HP: 2/115 [something (15)]
 20371 | Gauntlet | Identified the +5 shortbow of Weotsa {vorpal, rN++ Str+6
                  | Int-2}
 20474 | Gauntlet | Found a transporter.
 20496 | Gauntlet | Found a transporter.
 20641 | Gauntlet | Identified the ring "Ympirph" {AC+4 Str+4}
 20766 | Gauntlet | Identified the amulet "Niurgh" {Acrobat rF+ rN+ Int+2}
 20809 | Gauntlet | Lost intelligence.
 20913 | Orc:1    | Slain by a troll

Illustrated notes

Levels and vault maps discovered:
D:1:      dpeg_arrival_boxes_within_box, layout_rooms,
          chequers_ecumenical_altar_simple_redux, serial_curves, eino_curves_03,
          eino_curves_01, minmay_misc_feat_alley
D:2:      layout_rooms, hangedman_decor_peaks_small, uniq_crazy_yiuf_cottage
D:3:      layout_basic, gammafunk_ghost_smash, uniq_terence
D:4:      layout_loops_cross, uniq_robin
D:5:      cheibrodos_fzero, layout_basic, lemuel_old_faithful
D:6:      minmay_general_purpose_star, layout_cave_pods,
          minmay_temple_entry_glassed_door, uniq_maggie
D:7:      minmay_chambers_of_fours, layout_loops_ring,
          nicolae_shop_sticking_my_neck_out
D:8:      layout_loops_ring, nicolae_overflow_quartered_altars,
          minmay_misc_feat_iff, minivault_12, uniq_maurice, uniq_psyche,
          uniq_gastronok
D:9:      layout_basic, nicolae_overflow_crystal_walls, david_lair_generic,
          david_orc_2
Temple:   minmay_temple_bridge_d
Lair:1:   layout_roguey, kennysheep_rathole, infiniplex_staircase_pool
Lair:2:   layout_roguey, swamp_mist, eino_house_with_fridge, grunt_megastairs_5
Lair:3:   layout_roguey, tgw_fedhas
Lair:4:   beast_lair_carwin_large_4, layout_loops_ring,
          guppyfry_snake_entry_island, enter_volcano_3,
          minmay_stone_trees_small, kennysheep_abandoned_house
Lair:5:   layout_roguey, uniq_sonja
Lair:6:   wormcave, layout_regular_city, hangedman_lair_in_review,
          slime_altar_2, grunt_megastairs_4
Orc:1:    layout_diamond_mine
Orc:2:    st_orc_mages, layout_caves, gauntlet_entry_generic

Skill      XL: |  1  2  3  4  5  6  7  8  9 10 11 12 13 14 |
---------------+-------------------------------------------+-----
Dodging        | 3 4 5 6 7 8 |  8.3
Spellcasting   | 1 2 3 4 5 6 8 9 10 | 10.7
Long Blades    | 3 5 7 8 9 10 | 10.1
Staves         | 2 3 4 5 |  5.4
Fighting       | 4 5 6 7 8 |  8.2
Shields        | 4 5 6 7 8 |  8.9
Necromancy     | 2 5 7 8 10 | 10.5
Transmutations | 3 5 6 7 |  7.3
Earth Magic    | 2 4 5 |  5.6
Ice Magic      | 2 |  2.9
Evocations     | 1 |  1.0

Action                   |  1- 3 |  4- 6 |  7- 9 | 10-12 | 13-15 || total
-------------------------+-------+-------+-------+-------+-------++-------
Melee: Long sword        |    91 |     5 |       |     6 |   256 ||   358
       Tailslap          |     9 |    15 |    38 |   141 |   151 ||   354
       Quarterstaff      |       |   120 |       |       |       ||   120
       Falchion          |       |     5 |   199 |   716 |   509 ||  1429
       Kick              |       |       |    48 |   329 |   312 ||   689
 Cast: Vampiric Draining |       |       |       |   131 |   106 ||   237
       Excruciating Woun |       |       |       |    12 |     3 ||    15
       Animate Dead      |       |       |       |     2 |    19 ||    21
Invok: Receive Corpses   |       |       |       |       |    10 ||    10
       Torment           |       |       |       |       |     1 ||     1
 Abil: Breathe Lightning |       |       |     4 |     4 |     4 ||    12
Evoke: Wand              |       |       |       |    16 |    13 ||    29
  Use: Potion            |     2 |     3 |     7 |     3 |     4 ||    19
       Scroll            |       |     4 |     4 |    15 |     6 ||    29
 Stab: Sleeping          |     2 |     3 |       |     3 |     1 ||     9
       Paralysed         |       |       |       |    12 |     2 ||    14
       Petrified         |       |       |       |     7 |       ||     7
       Distracted        |       |       |       |       |     1 ||     1
Armor: Skin              |    32 |    50 |    48 |   280 |   271 ||   681
Dodge: Dodged            |    65 |   102 |   155 |   651 |   628 ||  1601
Block: Buckler           |    19 |     4 |    53 |   349 |   436 ||   861

Table legend: (Time is in decaauts)
 A = Elapsed time spent in this place.
 B = Non-inter-level travel time spent in this place.
 C = Inter-level travel time spent in this place.
 D = Time resting spent in this place.
 E = Time spent auto-exploring this place.
 F = Levels seen in this place.
 G = Mean time per level.
                   A        B        C        D        E       F      G
               +--------+--------+--------+--------+--------+-----+--------+
         Total |  20960 |  19731 |   1229 |   4780 |   9165 |  19 | 1103.2 |
       Dungeon |   9936 |   9124 |    812 |   1559 |   5676 |   9 | 1104.0 |
        Temple |    390 |    247 |    143 |      0 |    214 |   1 |  390.0 |
          Lair |   9457 |   9204 |    253 |   2862 |   3152 |   6 | 1576.2 |
  Orcish Mines |    176 |    156 |     20 |      2 |     54 |   2 |   88.0 |
      Gauntlet |    999 |    999 |      0 |    357 |     69 |   1 |  999.0 |
               +--------+--------+--------+--------+--------+-----+--------+

Top non-repeatable levels by time:
  Lair:6: 1988 daAuts
  Lair:4: 1861 daAuts
  Lair:5: 1799 daAuts
  Lair:1: 1793 daAuts
     D:4: 1440 daAuts
     D:7: 1435 daAuts
     D:6: 1344 daAuts
     D:9: 1328 daAuts
     D:3: 1182 daAuts
  Lair:3: 1052 daAuts
     D:5: 1049 daAuts
Gauntlet: 999 daAuts
  Lair:2: 962 daAuts
     D:2: 871 daAuts
     D:1: 867 daAuts
